 Dungeon Crawl Stone Soup version 0.18-a0-1692-g516f9e9 (webtiles) character file.

1548 Urist the Shield-Bearer (level 8, 0/70 HPs)
             Began as a Hill Orc Fighter on Apr 5, 2016.
             Was a Follower of the Shining One.
             Slain by an ogre
             ... wielding a +0 giant club
              (14 damage)
             ... on level 8 of the Dungeon.
             The game lasted 00:32:42 (7802 turns).

Urist the Shield-Bearer (Hill Orc Fighter)          Turns: 7802, Time: 00:32:43

Health: 0/70       AC: 11    Str: 21    XL:     8   Next: 87%
Magic:  8/8        EV: 10    Int:  8    God:    the Shining One [*.....]
Gold:   0          SH: 10    Dex: 10    Spells: 0 memorised, 7 levels left

rFire  . . .     SeeInvis .     a - +1 trident
rCold  . . .     Gourm    .     b - +0 scale mail
rNeg   + . .     Faith    .     c - +0 shield
rPois  .         Spirit   .     m - +1 helmet
rElec  .         Dismiss  .     (no cloak)
rCorr  .         Reflect  .     e - +0 pair of gloves
SustAt .         Harm     .     (no boots)
MR     .....                    (no amulet)
Stlth  ..........               (no ring)
                                t - ring of positive energy

@: lethally poisoned (0 -> -3), glowing, not resistant to hostile enchantments,
extremely unstealthy
A: no striking features
a: Renounce Religion


You were on level 8 of the Dungeon.
You worshipped the Shining One.
The Shining One was aware of your devotion.
You were not hungry.

You visited 1 branch of the dungeon, and saw 8 of its levels.

Inventory:

Hand Weapons
 a - a +1 trident (weapon)
 w - a cursed -1 giant spiked club
Armour
 b - a +0 scale mail (worn)
 c - a +0 shield (worn)
 d - a +0 ice dragon armour
 e - a +0 pair of gloves (worn)
 m - a +1 helmet (worn)
Jewellery
 t - a ring of positive energy (left hand)
 z - an uncursed amulet of rage {unknown}
Wands
 n - a wand of slowing (9/48)
 q - a wand of acid (2/15)
 u - a wand of enslavement (6/24)
 B - a wand of paralysis (10/24)
Scrolls
 h - 3 scrolls of identify
 i - a scroll of immolation
 l - a scroll of fog
 r - a scroll of remove curse
 x - a scroll of amnesia
 A - a scroll of enchant armour
Potions
 C - a potion of cure mutation
Books
 y - a book of the Sky

   Spells                             Type                      Level
   a - Summon Lightning Spire         Summoning/Air                4
   b - Airstrike                      Air                          4
   c - Silence                        Hexes/Air                    5
   d - Deflect Missiles               Charms/Air                   6
   e - Conjure Ball Lightning         Conjuration/Air              6
   f - Tornado                        Air                          9
Comestibles
 f - 7 bread rations
 j - a slice of pizza
 D - a beef jerky


   Skills:
 + Level 5.7 Fighting
 + Level 4.7 Polearms
 + Level 6.5 Armour
 + Level 4.2 Dodging
 + Level 0.5 Stealth
 + Level 6.9 Shields


You had 7 spell levels left.
You didn't know any spells.

Dungeon Overview and Level Annotations

Branches:
Dungeon (8/15)             Temple (0/1) D:7
   Lair: D:8-11

Altars:
Dithmenos
Makhleb
Pakellas
Ru
Trog
Yredelemnul
The Shining One

Shops:
D:7 *

Annotations:
D:8 Maurice


Message History

Your surroundings suddenly seem different.
You feel sick.
An ogre comes into view. It is wielding a giant club.
Drink which item? (? for menu, Esc to quit)
Okay, then.
Read which item? (? for menu, Esc to quit)
As you read the scroll of fog, it crumbles to dust.
The scroll dissolves into smoke.
You feel sick.
Read which item? (? for menu, Esc to quit)
Enchant which item? (? for menu, Esc to quit)
As you read the scroll of enchant armour, it crumbles to dust.
Your ice dragon hide glows purple and changes!
You feel sick.
Wear which item? (? for menu, Esc to quit)
Keep disrobing?
You feel sick.
You start removing your armour.
You continue taking off your +0 scale mail.
The ogre hits you with a giant club!
You die...

#.......# ............
#.......###### ............
#............# ..........##
###....(.)...#.# .........'.
.....#.###...#.# .......#
######.†##..[#.# #....###
#######(##...#.###########......#
..............§§§§§........[.....
#######'######§§@O§..O......##..#
# #.......§§§§§##.#.......#<..# #
#.......§§§§§##.#.....†....## #
#.........§§.##.#.......#..## #
####..#########.#.......#..## #
##.# #.#.......#.... # #.#
#.#.......#.### # #.##
#.#.......#.# # #..#
#.#.......#.#


You could see an ogre.

Vanquished Creatures
  An ice beast (D:8)
  2 ogres
  2 centaurs
  4 giant frogs
  A scorpion (D:6)
  A howler monkey (D:8)
  A crimson imp (D:6)
  3 quasits
  2 orc priests
  5 orc wizards
  2 hell rats (D:6)
  A worker ant (D:6)
  A killer bee zombie (D:6)
  A hound zombie (D:5)
  A worker ant zombie (D:8)
  3 gnolls (D:7)
  11 adders
  4 river rats (D:6)
  2 shadow imps
  An ooze (D:1)
  A worm (D:3)
  3 dart slugs
  4 giant geckos
  22 orcs
  2 ball pythons
  7 bats
  9 giant cockroaches
  12 goblins
  9 hobgoblins
  15 jackals
  8 kobolds
  2 quokkas (D:2)
  A giant gecko skeleton (D:6)
  2 giant gecko zombies (D:5)
  2 giant newts (D:2)
  2 jackal skeletons
  25 rats
  A spectral orc (D:7)
176 creatures vanquished.

Notes
Turn   | Place    | Note
--------------------------------------------------------------
     0 | D:1      | Urist the Hill Orc Fighter began the quest for the Orb.
     0 | D:1      | Reached XP level 1. HP: 19/19 MP: 1/1
   195 | D:1      | Reached XP level 2. HP: 26/27 MP: 2/2
   450 | D:1      | Reached XP level 3. HP: 33/33 MP: 3/3
   484 | D:1      | HP: 1/33 [poisoned by an adder]
  1103 | D:2      | Reached XP level 4. HP: 36/40 MP: 4/4
  1303 | D:2      | Reached skill level 1 in Dodging
  1748 | D:3      | Found an oddly glowing altar of Pakellas.
  1877 | D:3      | Reached XP level 5. HP: 43/46 MP: 5/5
  1899 | D:3      | Found an oddly glowing altar of Pakellas.
  2940 | D:4      | Found a shadowy altar of Dithmenos.
  3205 | D:4      | Found a sacrificial altar of Ru.
  3710 | D:5      | Entered Level 5 of the Dungeon
  3722 | D:5      | Noticed an ogre
  3734 | D:5      | Killed an ogre
  3734 | D:5      | Reached XP level 6. HP: 18/52 MP: 6/6
  4176 | D:5      | Reached skill level 5 in Armour
  4874 | D:5      | Reached skill level 5 in Shields
  4992 | D:6      | Reached XP level 7. HP: 50/60 MP: 7/7
  5275 | D:6      | Reached skill level 5 in Fighting
  5906 | D:6      | Reached XP level 8. HP: 40/68 MP: 8/8
  6469 | D:7      | Found a glowing golden altar of the Shining One.
  6508 | D:7      | Became a worshipper of the Shining One
  6614 | D:7      | Found Sear's Assorted Antiques.
  6804 | D:7      | Found a bloodstained altar of Trog.
  6880 | D:7      | Found a staircase to the Ecumenical Temple.
  6945 | D:7      | Found a basalt altar of Yredelemnul.
  7501 | D:8      | Found a burning altar of Makhleb.
  7503 | D:8      | Noticed an Executioner
  7547 | D:8      | Noticed Maurice
  7791 | D:8      | Reached * piety under the Shining One
  7802 | D:8      | Slain by an ogre

Vault maps used:
D:1:      evilmike_arrival_plus
D:2:      kennysheep_the_goblin_king
D:3:      old_standard_altar, first_bread, grunt_pakellas_salt
D:4:      grunt_dithmenos_smoke, nicolae_ru_awakened_eye
D:5:      roderic_roman_lattice
D:6:      lemuel_ratsnest
D:7:      yredelemnul_forgotten_temple_becter, bloody_trog, old_standard_altar,
          minmay_temple_entry_glassed_door, serial_shops, shop
D:8:      led_sif_pool, makhleb_altar_promises_db, uniq_maurice

Skill      XL: |  1  2  3  4  5  6  7  8 |
---------------+-------------------------+-----
Armour         | 4 5 6 |  6.5
Shields        | 4 5 6 |  6.9
Dodging        | 1 2 3 4 |  4.2
Fighting       | 4 5 |  5.7
Polearms       | 3 4 |  4.7
Stealth        | |  0.5

Action                   |  1- 3 |  4- 6 |  7- 9 || total
-------------------------+-------+-------+-------++-------
Melee: Trident           |   137 |   411 |   398 ||   946
  Use: Scroll            |     3 |     8 |     6 ||    17
       Potion            |     1 |     5 |     5 ||    11
  Eat: Chunk             |     1 |     3 |       ||     4
       Meat ration       |       |     2 |     1 ||     3
       Royal jelly       |       |     1 |       ||     1
       Pizza             |       |     1 |     1 ||     2
